 Dungeon Crawl Stone Soup version 0.28.0-1-gb440e238dd (webtiles) character file.

Game seed: 15335025184054464995

34 hikkokomori the Gusty (level 3, -5/19 HPs)
             Began as a Tengu Air Elementalist on Feb 21, 2022.
             Slain by Sigmund (13 damage)
             ... on level 2 of the Dungeon.
             The game lasted 00:04:44 (1592 turns).

hikkokomori the Gusty (Tengu Air Elementalist)      Turns: 1592, Time: 00:04:45

Health: -5/19      AC:  2    Str: 14    XL:     3   Next: 31%
Magic:  1/7        EV: 12    Int: 17    God:
Gold:   46         SH:  0    Dex: 14    Spells: 0/6 levels left

rFire   . . .      SeeInvis .   b - +0 dagger
rCold   . . .      Faith    .   (no shield)
rNeg    . . .      Spirit   .   a - +0 robe
rPois   .          Reflect  .   (helmet restricted)
rElec   .          Harm     .   (no cloak)
rCorr   .          Rampage  .   (no gloves)
Will    .....                   (boots unavailable)
Stlth   +.........              (no amulet)
HPRegen 0.06/turn               c - +6 ring of strength
MPRegen 0.10/turn               (no ring)

@: confused
A: beak, talons 3
a: no special abilities


You were on level 2 of the Dungeon.
You visited 1 branch of the dungeon, and saw 2 of its levels.

You collected 46 gold pieces.

Inventory:

Hand Weapons
 b - a +0 dagger (weapon)
Armour
 a - a +0 robe (worn)
Jewellery
 c - a +6 ring of strength (left hand)
Scrolls
 e - a scroll of teleportation {unknown}
Potions
 d - a potion of degeneration {unknown}
 f - a potion of curing {unknown}


   Skills:
 - Level 2.1 Dodging
 + Level 2.6 Stealth
 + Level 2.3 Spellcasting
 + Level 2.2 Conjurations
 + Level 4.5 Air Magic


You couldn't memorise any spells.
You knew the following spells:

 Your Spells              Type           Power      Damage    Failure   Level
a - Shock                 Conj/Air       52%        1d6       4%          1
b - Static Discharge      Conj/Air       13%        N/A       7%          2
c - Swiftness             Air            17%        N/A       9%          3

Your spell library contained the following spells:

 Spells                   Type           Power      Damage    Failure   Level
 Airstrike                Air            8%         N/A       28%         4


Dungeon Overview and Level Annotations

Branches:
Dungeon (2/15)

Altars:

Annotations:
D:2 Sigmund


Innate Abilities, Weirdness & Mutations

You have a beak for a mouth.
You have claws for feet.


Message History

The zap hits the bat.
You kill the bat!
The zap hits Sigmund.
Sigmund is moderately wounded.
Sigmund casts a spell.
Sigmund flickers and vanishes!
Deactivating autopickup; reactivate with Ctrl-A.
Unknown command.
Casting: Shock (safe; 4% risk of failure)
Confirm with . or Enter, or press ? or * to list all spells.
You can't see any susceptible monsters within range! (Use Z to cast anyway.)
Casting: Shock (safe; 4% risk of failure)
Confirm with . or Enter, or press ? or * to list all spells.
Aiming: Shock (safe; 4% risk of failure)
Press: ? - help, Shift-Dir - straight line The zap hits something.
Unknown command.
Casting: Shock (safe; 4% risk of failure)
Confirm with . or Enter, or press ? or * to list all spells.
You can't see any susceptible monsters within range! (Use Z to cast anyway.)
Casting: Shock (safe; 4% risk of failure)
Confirm with . or Enter, or press ? or * to list all spells.
Aiming: Shock (safe; 4% risk of failure)
Press: ? - help, Shift-Dir - straight line Something hits you!
Ouch! That really hurt!
Casting: Shock (safe; 4% risk of failure)
Confirm with . or Enter, or press ? or * to list all spells.
You can't see any susceptible monsters within range! (Use Z to cast anyway.)
Casting: Shock (safe; 4% risk of failure)
Confirm with . or Enter, or press ? or * to list all spells.
Aiming: Shock (safe; 4% risk of failure)
Press: ? - help, Shift-Dir - straight line The zap hits something but does no damage.
You hear some strange, mumbled words.
You are confused.
You bump into the rock wall.
You're too confused to move!
Something hits you!
Ouch! That really hurt!
You die...

#..##.##......
#...........# ##
#.##.##....# ..
#.......# .#
#######.#.### .#
.....<.###.## .#
.####†## ##.##
.# #.##
##.####.##.#.#
#..
##.....@......#
....
##.#############
.##.# #.## ..
#.## ### #. ..
... .... ♣..P.


There were no monsters in sight!

Vanquished Creatures
  A dart slug (D:1)
  A ball python (D:1)
  2 bats
  An endoplasm (D:1)
  2 giant cockroaches (D:1)
  2 hobgoblins (D:1)
  7 jackals (D:1)
  3 frilled lizards
  4 goblins (D:1)
  3 kobolds (D:1)
  3 rats (D:1)
29 creatures vanquished.

Vanquished Creatures (others)
  3 fungi (D:2)
  4 plants (D:2)
7 creatures vanquished.

Grand Total: 36 creatures vanquished

Notes
Turn   | Place    | Note
-------+----------+-------------------------------------------
     0 | D:1      | hikkokomori the Tengu Air Elementalist began the quest for
                  | the Orb.
     0 | D:1      | Reached XP level 1. HP: 10/10 MP: 4/4
   197 | D:1      | Reached XP level 2. HP: 15/15 MP: 3/6
   697 | D:1      | Reached XP level 3. HP: 16/19 MP: 1/7
  1538 | D:1      | Learned a level 2 spell: Static Discharge
  1542 | D:1      | Learned a level 3 spell: Swiftness
  1576 | D:2      | Noticed Sigmund
  1592 | D:2      | Slain by Sigmund

Illustrated notes

Levels and vault maps discovered:
D:1:      dpeg_arrival_arbitrary_c, layout_basic
D:2:      layout_loops_cross, dreamdust_ecumenical_altar_grove,
          minmay_pentomino_x4, uniq_jessica, uniq_sigmund

Skill      XL: |  1  2 |
---------------+-------+-----
Conjurations   | 2 |  2.2
Dodging        | |  2.1
Stealth        | |  2.6
Spellcasting   | |  2.3
Air Magic      | |  4.5

Action                   || total
-------------------------++-------
Melee: Dagger            ||    47
       Kick              ||    12
       Peck              ||     7
       Punch             ||     1
 Cast: Shock             ||    45
  Use: Scroll            ||     1
Armor: Robe              ||    11
Dodge: Dodged            ||    39
